 Dungeon Crawl Stone Soup version 0.23.2-30-g0e89c35649 (webtiles) character file.

Game seed: 12034203220741925729

4184 Hatywr the Spear-Bearer (level 10, -5/80 HPs)
             Began as a Hill Orc Fighter on June 22, 2019.
             Was a Priest of Makhleb.
             Slain by a two-headed ogre
             ... wielding a +0 giant club
              (21 damage)
             ... on level 8 of the Dungeon.
             The game lasted 00:16:25 (7168 turns).

Hatywr the Spear-Bearer (Hill Orc Fighter)          Turns: 7168, Time: 00:16:26

Health: -5/80      AC: 12    Str: 23    XL:     10   Next: 29%
Magic:  12/12      EV:  7    Int:  8    God:    Makhleb [***...]
Gold:   508        SH: 10    Dex: 10    Spells: 9/9 levels left

rFire    . . .     SeeInvis .   x - +5 trident
rCold    . . .     Gourm    .   c - +0 shield
rNeg     . . .     Faith    .   b - +0 scale mail
rPois    .         Spirit   .   v - +0 helmet
rElec    .         Reflect  .   L - +0 cloak
rCorr    .         Harm     .   n - +0 pair of gloves
MR       .....                  r - +0 pair of boots
Stlth    ..........             F - amulet of magic regeneration
HPRegen  0.23/turn              p - ring of ice
MPRegen  0.38/turn              H - ring of fire

@: flying, hasted, very quick
A: no striking features
a: Minor Destruction, Lesser Servant of Makhleb, Renounce Religion


You were on level 8 of the Dungeon.
You worshipped Makhleb.
Makhleb was most pleased with you.
You were not hungry.

You visited 1 branch of the dungeon, and saw 8 of its levels.
You also visited: Sewer.

You collected 508 gold pieces.

Inventory:

Hand Weapons
 a - a +0 trident
 h - a +3 halberd
 x - a +5 trident (weapon)
Armour
 b - a +0 scale mail (worn)
 c - a +0 shield (worn)
 n - a +0 pair of gloves (worn)
 r - a +0 pair of boots (worn)
 v - a +0 helmet (worn)
 L - a +0 cloak (worn)
Magical Staves
 N - an uncursed staff of power
Jewellery
 p - a ring of ice (left hand)
 F - an amulet of magic regeneration (around neck)
 H - a ring of fire (right hand)
Wands
 g - a wand of paralysis (10)
 B - a wand of clouds (5)
 D - a wand of flame (24)
 J - a wand of disintegration (8)
 K - a wand of acid (10)
Scrolls
 d - a scroll of amnesia {unknown}
 i - 5 scrolls of remove curse
 j - 5 scrolls of enchant armour
 k - 6 scrolls of identify
 l - 5 scrolls of teleportation
 o - 2 scrolls of random uselessness {unknown}
 y - a scroll of enchant weapon {unknown}
 A - a scroll of immolation {unknown}
 G - a scroll of fear {unknown}
 M - a scroll of torment {unknown}
Potions
 m - 2 potions of flight
 q - a potion of curing
 s - 2 potions of invisibility {unknown}
 t - 2 potions of lignification
 u - a potion of agility
 w - 4 potions of mutation {unknown}
 z - a potion of brilliance {unknown}
 C - a potion of experience {unknown}
 E - a potion of berserk rage {unknown}
Comestibles
 f - 10 rations


   Skills:
 + Level 4.8 Fighting
 - Level 14.2 Polearms
 + Level 4.4 Armour
 + Level 4.4 Shields
 + Level 3.3 Invocations


You had 9 spell levels left.
You didn't know any spells.
Your spell library contained the following spells:

 Spells                   Type           Power        Failure   Level  Hunger
 Shock                    Conj/Air       #...         99%         1    ##.....
 Swiftness                Chrm/Air       #.......     99%         2    ###....
 Static Discharge         Conj/Air       #.......     100%        3    ####...
 Airstrike                Air            #.........   100%        4    #####..
 Lightning Bolt           Conj/Air       #.........   100%        5    ######.


Dungeon Overview and Level Annotations

Branches:
Dungeon (8/15)             Temple (0/1) D:7
   Lair: D:8-11

Altars:
Ashenzari
Dithmenos
Fedhas
Gozag
Hepliaklqana
Kikubaaqudgha
Makhleb
Okawaru
Trog
Uskayaw
Vehumet
Zin


Message History

You kill the orc wizard!
Makhleb accepts your kill.
You start resting.
A two-headed ogre comes into view. It is wielding two +0 giant clubs.
Attack whom?
Press: ? - help, Dir - move target cursor, f - two-headed ogre
Aim: a two-headed ogre, wielding two +0 giant clubs (hasn't noticed you)
Okay, then.
You feel yourself speed up.
The two-headed ogre shouts in stereo!
A demon appears!
You can no longer hurl Makhleb's greater destruction.
It was a potion of flight.
You feel very buoyant.
You fly up into the air.
Your smoke demon gestures at the two-headed ogre.
The sticky flame hits the two-headed ogre!
The two-headed ogre is covered in liquid flames!
The two-headed ogre hits you with a +0 giant club!!
You die...

#.###########......#
######...#
#.....o.....)(.....+
.........##
........)...#(....(#
#######..>.)
###########.#(.....#
#.....#.####
#.#......# #.###.#.#
#.#....3.# #.#<#.#.#
#.#......# #.#.#.#.#
#.#..O...#
#.#.#.#.####
#.#...@..#
#.#.#.#.#...
#.########
#.#...#.#.## #.#
#.#####...##
#...........
############


You could see a two-headed ogre (burning) and a friendly smoke demon.

Vanquished Creatures
  Harold (D:8)
  An ugly thing (D:8)
  A hungry ghost (D:7)
  An orc warrior (D:8)
  2 sky beasts (D:6)
  A phantom (D:6)
  5 ogres
  A centaur (D:8)
  A crocodile (D:7)
  An elf zombie (D:7)
  A big kobold (Sewer)
  A wyvern zombie (D:6)
  An elf skeleton (D:7)
  5 wights (D:6)
  A centaur zombie (D:2)
  2 howler monkeys
  2 crimson imps
  2 jellies
  Crazy Yiuf (D:7)
  2 bullfrog zombies
  5 human zombies (D:7)
  4 hounds
  3 orc priests
  4 orc wizards
  A gnoll shaman (D:8)
  2 human skeletons (D:7)
  3 iguanas
  6 worker ants
  A hound skeleton (D:6)
  2 mummies (D:7)
  Robin (D:3)
  8 gnolls
  10 adders
  A river rat (Sewer)
  A shadow imp (D:5)
  An ooze (D:3)
  2 adder skeletons
  2 worms
  3 dart slugs
  6 leopard geckos
  21 orcs
  9 bats
  9 giant cockroaches
  18 goblins
  8 hobgoblins
  7 jackals
  2 quokkas
  2 ball pythons
  A frilled lizard (D:2)
  A jackal zombie (D:6)
  13 kobolds
  3 leopard gecko skeletons
  An orc zombie (D:7)
  A quokka skeleton (D:6)
  13 rats
208 creatures vanquished.

Vanquished Creatures (others)
  10 fungi (D:6)
10 creatures vanquished.

Grand Total: 218 creatures vanquished

Notes
Turn   | Place    | Note
-------+----------+-------------------------------------------
     0 | D:1      | Hatywr the Hill Orc Fighter began the quest for the Orb.
     0 | D:1      | Reached XP level 1. HP: 19/19 MP: 1/1
   146 | D:1      | Reached skill level 3 in Polearms
   146 | D:1      | Reached XP level 2. HP: 23/26 MP: 2/2
   510 | D:1      | Reached XP level 3. HP: 22/31 MP: 3/3
   845 | D:2      | Reached skill level 4 in Polearms
  1216 | D:2      | Reached skill level 5 in Polearms
  1216 | D:2      | Reached XP level 4. HP: 18/39 MP: 4/4
  1878 | D:3      | Noticed Robin
  1895 | D:3      | Reached XP level 5. HP: 41/45 MP: 5/5
  1922 | D:3      | Killed Robin
  2100 | D:3      | Found a glowing silver altar of Zin.
  2102 | D:3      | Found a burning altar of Makhleb.
  2103 | D:3      | Found a hide-covered altar of Uskayaw.
  2111 | D:3      | Found a hazy altar of Hepliaklqana.
  2111 | D:3      | Found a radiant altar of Vehumet.
  2141 | D:3      | Became a worshipper of Makhleb the Destroyer
  2344 | D:3      | Reached skill level 6 in Polearms
  2616 | D:3      | Found a shattered altar of Ashenzari.
  2945 | D:4      | Reached XP level 6. HP: 29/51 MP: 6/6
  2961 | D:4      | Reached skill level 7 in Polearms
  3193 | D:4      | Found an opulent altar of Gozag.
  3716 | D:4      | Reached * piety under Makhleb
  3998 | D:5      | Entered Level 5 of the Dungeon
  4026 | D:5      | Reached skill level 8 in Polearms
  4071 | D:5      | Reached XP level 7. HP: 49/57 MP: 7/7
  4186 | D:5      | Found a shadowy altar of Dithmenos.
  4494 | D:5      | Found a glowing drain.
  4508 | Sewer    | Entered a sewer
  4517 | Sewer    | Reached ** piety under Makhleb
  4582 | Sewer    | Reached skill level 9 in Polearms
  4611 | Sewer    | Found a white marble altar of Elyvilon.
  5053 | D:6      | Reached XP level 8. HP: 43/64 MP: 8/8
  5168 | D:6      | Reached skill level 10 in Polearms
  5278 | D:6      | Found an iron altar of Okawaru.
  5279 | D:6      | Found a bloodstained altar of Trog.
  5392 | D:6      | Reached skill level 11 in Polearms
  6064 | D:6      | Reached skill level 12 in Polearms
  6118 | D:6      | Reached XP level 9. HP: 64/70 MP: 9/9
  6229 | D:7      | Reached *** piety under Makhleb
  6292 | D:7      | Reached skill level 13 in Polearms
  6321 | D:7      | Found an ancient bone altar of Kikubaaqudgha.
  6432 | D:7      | Found a staircase to the Ecumenical Temple.
  6497 | D:7      | Found a blossoming altar of Fedhas.
  6585 | D:7      | Found a runed translucent door.
  6588 | D:7      | Noticed Crazy Yiuf
  6598 | D:7      | Killed Crazy Yiuf
  6894 | D:8      | Noticed a green ugly thing
  6906 | D:8      | Killed a green ugly thing
  6906 | D:8      | Reached skill level 14 in Polearms
  7013 | D:8      | Reached XP level 10. HP: 77/78 MP: 10/10
  7016 | D:8      | Reached skill level 1 in Invocations
  7074 | D:8      | Noticed Harold
  7102 | D:8      | Killed Harold
  7102 | D:8      | Reached **** piety under Makhleb
  7159 | D:8      | Noticed a two-headed ogre
  7168 | D:8      | Slain by a two-headed ogre

Skill      XL: |  1  2  3  4  5  6  7  8  9 10 |
---------------+-------------------------------+-----
Polearms       | 3 5 6 8 9 12 14 | 14.2
Invocations    | 3 |  3.3
Fighting       | 4 |  4.8
Armour         | 4 |  4.4
Shields        | 4 |  4.4

Action                   |  1- 3 |  4- 6 |  7- 9 | 10-12 || total
-------------------------+-------+-------+-------+-------++-------
Melee: Trident           |   158 |   213 |   477 |    42 ||   890
Invok: Lesser Servant of |       |       |       |     1 ||     1
  Use: Potion            |       |     5 |     4 |     5 ||    14
       Scroll            |       |       |     3 |       ||     3
  Eat: Chunk             |     1 |     9 |    12 |     1 ||    23
Armor: Scale mail        |    39 |    56 |    92 |     6 ||   193
       Skin              |       |       |     4 |     3 ||     7
Dodge: Dodged            |    34 |    56 |    51 |     6 ||   147
Block: Shield            |    62 |    72 |   111 |     5 ||   250
